 Dungeon Crawl Stone Soup version 0.14-a0-1444-g21dc12d (webtiles) character file.

50 Jenx the Slasher (level 2, 0/24 HPs)
             Began as a Djinni Warper on Dec 12, 2013.
             Succumbed to a giant mite's poison
             ... on Level 1 of the Dungeon.
             The game lasted 00:01:52 (472 turns).

Jenx the Slasher (Djinni Warper)                     Turns: 472, Time: 00:01:52

HP   0/24        AC  3     Str 11      XL: 2   Next: 89%
MP   0/0         EV 11     Int 13      God:
Gold 24          SH  0     Dex 12      Spells:  2 memorised,  2 levels left

rFire  + + +     SeeInvis .     a - +0 falchion
rCold  x . .     Clarity  .     b - +0 leather armour
rNeg   + + +     Conserve .     (no shield)
rPois  .         rCorr    .     (no helmet)
rElec  .         rRot     .     (no cloak)
SustAb . .       Spirit   .     (no gloves)
rMut   .         Warding  .     (boots unavailable)
Saprov . . .     Stasis   .     (no amulet)
                                (no ring)
                                (no ring)

@: flying, mildly poisoned, not resistant to hostile enchantments, unstealthy
A: fire immunity, cold vulnerability, life protection 3
a: no special abilities


You were on level 1 of the Dungeon.
You were not hungry.

You visited 1 branch of the dungeon, and saw 1 of its levels.

You collected 24 gold pieces.

Inventory:

Hand weapons
 a - a +0,+0 falchion (weapon)
Missiles
 e - 15 darts (quivered)
 f - 10 darts of dispersal
 h - 4 darts of frost
Armour
 b - a +0 leather armour (worn)
Scrolls
 d - a scroll of blinking
 i - a scroll of immolation {unknown}
 j - a scroll of remove curse {unknown}
Potions
 g - a potion of curing {unknown}
Books
 c - a book of Spatial Translocations

   Spells                             Type                      Level
   *Apportation                       Translocation                1
   Portal Projectile                  Translocation                2
   *Blink                             Translocation                2
   Shroud of Golubria                 Charms/Translocation         2
   Teleport Other                     Translocation                3
   Passage of Golubria                Translocation                4


   Skills:
 - Level 1.7 Fighting
 * Level 3.4 Long Blades
 - Level 0.8 Throwing
 - Level 1.1 Armour
 - Level 1.7 Dodging
 - Level 2.4 Spellcasting
 - Level 3.0 Translocations


You had 2 spell levels left.
You knew the following spells:

 Your Spells              Type           Power        Failure   Level  Hunger
a - Apportation           Tloc           #.........   10%         1    #......
b - Blink                 Tloc           N/A          12%         2    ###....


Dungeon Overview and Level Annotations

Branches:
Dungeon (1/16)

Altars:


Innate Abilities, Weirdness & Mutations

You are immune to all types of fire, even holy and hellish.
You are vulnerable to cold.
You need no food.
You have no legs.
You are immune to negative energy.


Message History

* * * LOW HITPOINT WARNING * * *
You feel sick.
You start resting.
* * * LOW HITPOINT WARNING * * *
You feel sick.
You start resting.
* * * LOW HITPOINT WARNING * * *
You feel sick.
You start resting.
* * * LOW HITPOINT WARNING * * *
You feel sick.
You start resting.
* * * LOW HITPOINT WARNING * * *
You feel sick.
You start resting.
* * * LOW HITPOINT WARNING * * *
You feel sick.
You feel a little better.
You start resting.
You die...

####...............
#...............
#......###.##... .#.
#......# #.##...
..#.########......###.##...
.........................###
#..#.########.########...# #
#.......#####.########...###
#........%.@................
#.......#####.####.#########
#.......# #.# #.# #
#.......# #.# #.## #
#....#### #.# #..# # #....#
#.# ##.# # #....# #.#
###'######## #..... ...
#N#.#h#..... #..#.# .
###.########


There were no monsters in sight!

Vanquished Creatures
  A giant mite (D:1)
  3 giant geckos (D:1)
  A goblin (D:1)
  A hobgoblin (D:1)
  3 kobolds (D:1)
  3 bats (D:1)
  2 giant newts (D:1)
  3 rats (D:1)
17 creatures vanquished.

Notes
Turn   | Place    | Note
--------------------------------------------------------------
     0 | D:1      | Jenx, the Djinni Warper, began the quest for the Orb.
     0 | D:1      | Reached XP level 1. HP: 17/17 MP: 0/0
     2 | D:1      | Noticed a ghoul
     2 | D:1      | Noticed an ogre
     4 | D:1      | Noticed a centaur
     6 | D:1      | Noticed a minotaur
     8 | D:1      | Noticed a tengu
     8 | D:1      | Noticed a draconian
    10 | D:1      | Noticed a human
    10 | D:1      | Noticed an octopode
    12 | D:1      | Noticed a dwarf
    12 | D:1      | Noticed a vampire
    14 | D:1      | Noticed a troll
    16 | D:1      | Noticed a merfolk
    16 | D:1      | Noticed a spriggan
    18 | D:1      | Noticed a demonspawn
    18 | D:1      | Noticed a demigod
    20 | D:1      | Noticed an elf
    22 | D:1      | Noticed a naga
    22 | D:1      | Noticed a felid
   242 | D:1      | Reached XP level 2. EP: 14/24
   251 | D:1      | Learned a level 2 spell: Blink
   471 | D:1      | HP: 1/24 [poisoned by a giant mite]
   472 | D:1      | Succumbed to a giant mite's poison

Action                   || total
-------------------------++-------
Melee: Falchion          ||    81
Throw: Dart              ||     1
